Map: Rhoskallian LE

Players

Massa - Winner!

  • Race: Terran Terran
  • League: Gold
  • Spawn Location: 12:00

qqq - Winner!

  • Race: Zerg Zerg
  • Spawn Location: 11:00

Juan

  • Race: Protoss Protoss
  • League: Silver
  • Spawn Location: 6:00

Pug

  • Race: Zerg Zerg
  • League: Diamond
  • Spawn Location: 5:00

VOD

Have the link to the VOD?

Description

Time

  • Played on: June 30, 2020, 2:34 p.m.
  • Length: 9:27
Show
View Real Time Build Order
Export as new Build Order

Massa Terran - Winner!

Build Orders:  

Get SALT Encoding   

  12  0:02  SCV  
  13  0:19  SCV  
  13  0:21  Supply Depot  
  14  0:31  SCV  
  15  0:43  SCV  
  15  0:45  Barracks  
  16  0:55  SCV  
  17  1:07  SCV  
  18  1:18  Refinery  
  18  1:19  SCV  
  18  1:22  Refinery  
  19  1:34  SCV  
  20  1:45  Marine  
  21  1:55  Supply Depot  
  21  1:57  SCV  
  22  2:03  Marine  
  23  2:15  SCV  
  23  2:21  Reaper  
  24  2:27  SCV  
  25  2:34  Command Center  
  25  2:43  SCV  
  26  2:53  Reaper  
  26  2:56  SCV  
  28  3:08  Barracks  
  28  3:09  Barracks  
  28  3:12  Orbital Command  
  28  3:27  Marine  
  29  3:45  Marine  
  30  3:55  SCV x2  
  31  3:58  Marine x2  
  33  4:03  Marine  
  33  4:07  SCV  
  35  4:15  Marine  
  35  4:16  Marine  
  37  4:21  Marine  
  38  4:31  Supply Depot  
  38  4:33  Marine x2  
  38  4:34  Orbital Command  
  38  4:35  Factory  
  40  4:39  Marine  
  40  4:40  Barracks  
  40  4:41  Supply Depot  
  40  4:42  Engineering Bay  
  41  4:56  Marine  
  41  4:57  Engineering Bay  
  42  5:03  SCV x2  
  44  5:11  Marine x2  
  46  5:14  Marine  
  46  5:15  SCV  
  46  5:20  Factory Tech Lab  
  48  5:23  Terran Infantry Weapons Level 1  
  48  5:27  Barracks Tech Lab  
  48  5:29  Marine  
  48  5:31  Barracks Tech Lab  
  48  5:32  Marine  
  50  5:46  Marine  
  51  5:50  Marine  
  51  5:56  Marine  
  53  5:57  Marine  
  53  6:04  Marine  
  53  6:08  Marine  
  55  6:14  Marine x2  
  57  6:22  Marine  
  50  6:25  Marine  
  46  6:32  Marauder  
  46  6:33  Marauder, Siege Tank  
  51  6:40  Marine  
  51  6:43  Marine  
  55  6:54  Marauder x2  
  55  6:58  Marine, Command Center  
  58  7:01  Marine  
  58  7:05  Siege Tank  
  58  7:15  Marauder, Marine  
  53  7:16  Marauder  
  53  7:19  Marine  
  57  7:25  Terran Infantry Armor Level 1  
  57  7:26  Stimpack  
  57  7:29  Concussive Shells  
  51  7:33  Marine  
  51  7:37  Marauder x2, Marine  
  55  7:51  Marine  
  55  7:54  Marine  
  55  7:58  Marauder x2  
  56  8:00  Siege Tank  
  56  8:04  SCV x2  
  61  8:09  Marine  
  61  8:12  Marine  
  62  8:16  SCV  
  62  8:17  SCV  
  62  8:19  Marauder  
  69  8:20  Armory, Marauder  
  69  8:27  Marine  
  69  8:28  SCV  
  69  8:29  SCV  
  69  8:30  Marine  
  73  8:41  SCV x2, Marauder  
  77  8:49  Supply Depot  
  77  8:51  Supply Depot  
  77  8:54  Command Center  
  77  9:13  Supply Depot  
  77  9:15  Supply Depot  
Show
View Real Time Build Order
Export as new Build Order

qqq Zerg - Winner!

Build Orders: Hatch First 

Get SALT Encoding   

  12  0:05  Drone  
  13  0:35  Hatchery  
  12  0:45  Drone x2  
  14  1:00  Spawning Pool  
  13  1:10  Extractor, Overlord  
  12  1:13  Drone  
  13  1:19  Drone  
  14  1:36  Drone x2  
  16  1:47  Drone  
  16  1:48  Drone  
  16  1:51  Queen  
  20  1:55  Drone  
  20  1:59  Drone  
  22  2:04  Drone  
  23  2:10  Drone  
  24  2:16  Metabolic Boost  
  24  2:20  Overlord  
  24  2:24  Drone  
  24  2:28  Zergling x2  
  26  2:35  Queen  
  28  2:39  Zergling x2  
  29  2:48  Zergling x2  
  30  2:55  Zergling x2  
  30  2:56  Drone x2  
  33  3:10  Zergling x6, Baneling Nest  
  33  3:11  Zergling x2  
  36  3:13  Overlord  
  36  3:29  Overlord  
  36  3:31  Overlord  
  36  3:41  Zergling x8  
  40  3:49  Zergling x10  
  40  3:52  Zergling x2  
  46  4:04  Drone  
  46  4:06  Zergling x2  
  46  4:08  Zergling x2  
  49  4:29  Zergling x8  
  49  4:31  Drone x3, Zergling x2  
  57  4:42  Baneling  
  57  4:43  Baneling x4  
  56  4:50  Zergling x2  
  56  4:51  Drone x2  
  59  5:06  Zergling x2  
  59  5:07  Zergling x2, Overlord x3  
  45  5:30  Zergling x4  
  45  5:31  Zergling x8  
  48  5:40  Zergling x6  
  50  5:49  Hatchery  
  45  6:03  Zergling x4  
  45  6:04  Zergling x8  
  49  6:22  Baneling  
  49  6:23  Baneling x5  
  48  6:39  Zergling x6  
  42  6:48  Zergling x4  
  42  6:49  Zergling x8  
  42  6:50  Drone, Zergling x2  
  49  7:01  Drone, Zergling x2  
  46  7:09  Drone  
  47  7:16  Hatchery  
  47  7:17  Baneling x2  
  47  7:18  Baneling x4  
  46  7:24  Baneling x4  
  46  7:25  Baneling x2  
  46  7:26  Zergling x8  
  46  7:27  Zergling x2  
  46  7:28  Drone, Zergling x12  
  46  7:29  Hatchery  
  57  7:33  Hatchery  
  45  7:47  Zergling x2  
  45  7:48  Zergling x8  
  50  7:56  Zergling x6  
  50  7:57  Zergling x2  
  54  8:08  Zergling x2  
  54  8:09  Zergling x2  
  54  8:10  Zergling x8  
  60  8:16  Drone  
  60  8:18  Overlord  
  61  8:21  Lair  
  61  8:22  Baneling x4  
  61  8:23  Baneling x6  
  61  8:39  Zergling x2  
  61  8:40  Zergling x10  
  61  8:41  Zergling x14  
  71  8:43  Drone  
  56  9:04  Zergling x4  
  56  9:05  Zergling x10  
  56  9:06  Zergling x2  
  56  9:09  Extractor  
  59  9:12  Drone  
  59  9:13  Drone x4  
Show
View Real Time Build Order
Export as new Build Order

Juan Protoss 

Build Orders:  

Get SALT Encoding   

  12  0:06  Probe  
  13  0:18  Probe  
  14  0:29  Pylon  
  14  0:30  Probe  
  15  0:47  Probe  
  16  0:50  Gateway  
  16  0:55  Probe  
  16  0:57  Pylon  
  16  1:03  Probe  
  18  1:13  Probe  
  19  1:19  Assimilator  
  20  1:25  Probe  
  20  1:44  Probe  
  21  1:49  Cybernetics Core  
  21  1:59  Probe  
  22  2:10  Warp Gate  
  22  2:18  Nexus  
  22  2:22  Assimilator  
  22  2:32  Stalker  
  24  2:37  Probe  
  24  2:42  Gateway  
  25  2:46  Assimilator  
  25  2:49  Probe  
  26  3:01  Probe  
  26  3:03  Pylon  
  27  3:08  Stalker  
  27  3:11  Forge  
  29  3:14  Probe  
  29  3:16  Gateway  
  30  3:26  Probe  
  31  3:34  Stalker  
  31  3:38  Probe  
  34  3:50  Probe  
  34  3:51  Probe  
  36  3:55  Protoss Ground Weapons Level 1  
  36  4:02  Probe  
  37  4:03  Probe  
  37  4:04  Gateway  
  38  4:10  Gateway  
  38  4:14  Probe  
  38  4:15  Probe  
  39  4:23  Pylon  
  39  4:26  Probe  
  39  4:27  Probe, Pylon  
  41  4:38  Probe  
  41  4:41  Robotics Facility  
  41  4:44  Probe  
  43  4:50  Probe  
  44  4:53  Photon Cannon  
  44  4:56  Probe, Stalker x2  
  45  5:08  Zealot x3  
  43  5:21  Zealot x2  
  42  5:36  Zealot x3  
  41  5:56  Photon Cannon  
  39  6:07  Zealot x3  
  39  6:08  Zealot  
  47  6:19  Probe x2  
  47  6:23  Stalker  
  47  6:25  Immortal  
  55  6:31  Probe x2  
  55  6:36  Robotics Bay  
  55  6:43  Probe x2  
  45  6:50  Zealot  
  45  6:51  Zealot  
  45  6:52  Zealot x2  
  47  6:55  Probe x2  
  47  7:00  Protoss Ground Armor Level 1  
  49  7:07  Probe x2  
  49  7:12  Stalker x2  
  53  7:19  Probe  
  54  7:26  Colossus  
  50  7:51  Zealot x2  
  50  7:52  Zealot x3  
  56  8:02  Robotics Facility  
  56  8:04  Probe x2  
  58  8:07  Pylon  
  58  8:10  Pylon  
  58  8:14  Stalker x4  
  58  8:16  Probe  
  67  8:32  Pylon  
  67  8:36  Pylon  
  67  8:40  Stalker  
  75  8:43  Pylon  
  49  9:03  Zealot x4  
  49  9:04  Zealot  
Show
View Real Time Build Order
Export as new Build Order

Pug Zerg 

Build Orders: Hatch First 

Get SALT Encoding   

  12  0:02  Drone  
  13  0:13  Overlord  
  13  0:21  Drone  
  14  0:31  Drone x2  
  16  0:54  Hatchery  
  15  1:03  Drone, Extractor  
  15  1:04  Drone  
  16  1:19  Spawning Pool  
  16  1:21  Drone  
  16  1:25  Drone  
  17  1:31  Drone  
  18  1:36  Drone  
  19  1:47  Overlord  
  19  1:58  Drone  
  20  2:06  Queen  
  22  2:09  Queen  
  24  2:20  Metabolic Boost  
  24  2:22  Drone  
  25  2:24  Drone  
  26  2:30  Extractor, Drone  
  26  2:34  Drone  
  27  2:43  Queen  
  29  2:51  Queen  
  29  2:53  Drone  
  29  2:58  Overlord  
  32  3:07  Drone x4  
  36  3:13  Overlord  
  36  3:19  Drone x2  
  38  3:26  Zergling x2  
  38  3:27  Zergling x2  
  40  3:36  Drone  
  40  3:37  Drone x2  
  43  3:43  Zergling x2  
  44  4:20  Hatchery  
  44  4:23  Drone x2  
  45  4:28  Drone x5  
  45  4:29  Drone x2  
  45  4:31  Overlord x3  
  51  4:47  Hatchery  
  51  4:48  Extractor  
  48  4:53  Zergling x2  
  48  4:54  Zergling x8  
  48  4:57  Extractor  
  49  5:00  Extractor, Zergling x14  
  45  5:15  Zergling x4  
  37  5:28  Zergling x4  
  31  5:42  Zergling x8  
  30  5:43  Zergling x4  
  32  5:52  Zergling x2  
  32  5:53  Zergling x2  
  33  6:04  Zergling x6  
  24  6:22  Zergling x8  
  24  6:24  Queen x3  
  24  6:44  Zergling x4  
  24  6:45  Zergling x4  
  28  6:59  Queen  
  27  7:14  Zergling x4  
  29  7:26  Zergling x4  
  22  7:52  Zergling x6  
  22  7:53  Zergling x2  
  24  8:16  Zergling x6  
  27  8:34  Drone x3  
  30  8:42  Zergling x4  
  29  9:00  Zergling x6  
Tags
 
Add a new tag
Caveats
  • Supply blocks, unpowered buildings, or Contaminate may cause inaccurate times.
  • Supply counts are checked every 10 seconds.